 Dungeon Crawl Stone Soup version 0.18-a0-1639-g7533f42 (webtiles) character file.

221 dohliylev the Covert (level 5, -1/35 HPs)
             Began as a Vampire Enchanter on Mar 27, 2016.
             Slain by Grinder (2 damage)
             ... while paralysed by Grinder
             ... on level 3 of the Dungeon.
             The game lasted 00:22:08 (2969 turns).

dohliylev the Covert (Vampire Enchanter)            Turns: 2969, Time: 00:22:09

Health: -1/35      AC:  3    Str:  7    XL:     5   Next: 65%
Magic:  3/8        EV:  2    Int: 17    God:
Gold:   244        SH:  0    Dex: 20    Spells: 3 memorised, 2 levels left

rFire  + . .     SeeInvis +     a - +1 dagger
rCold  + . .     Gourm    .     b - +1 robe
rNeg   + + +     Faith    .     (no shield)
rPois  +         Spirit   .     (no helmet)
rElec  .         Dismiss  .     (no cloak)
rCorr  .         Reflect  .     (no gloves)
SustAt .         Harm     .     (no boots)
MR     .....                    (no amulet)
Stlth  +++++.....               q - ring of fire
                                n - +4 ring of dexterity

@: paralysed, very slightly contaminated, regenerating slowly, not resistant to
hostile enchantments, quite stealthy
A: fangs 3, see invisible, unbreathing
a: Bat Form


You were on level 3 of the Dungeon.
You were near bloodless.

You visited 1 branch of the dungeon, and saw 3 of its levels.

You collected 244 gold pieces.

Inventory:

Hand Weapons
 a - a +1 dagger (weapon)
Missiles
 s - a throwing net (quivered)
Armour
 b - a +1 robe (worn)
Jewellery
 n - a +4 ring of dexterity (left hand)
 q - a ring of fire (right hand)
Scrolls
 g - a scroll of fog {unknown}
 h - 2 scrolls of identify {unknown}
 k - 2 scrolls of amnesia {unknown}
 o - a scroll of blinking {unknown}
 p - 2 scrolls of enchant armour {unknown}
 r - a scroll of enchant weapon {unknown}
Potions
 d - 33 potions of blood
 e - a potion of invisibility {unknown}
 f - 2 potions of mutation {unknown}
 i - a potion of heal wounds {unknown}
 j - 2 potions of ambrosia {unknown}
 l - 2 potions of degeneration {unknown}
 m - 2 potions of berserk rage {unknown}
Books
 c - a book of Maledictions

   Spells                             Type                      Level
   a - Corona                         Hexes                        1
   b - Ensorcelled Hibernation        Hexes/Ice                    2
   c - Confuse                        Hexes                        3
   d - Tukima's Dance                 Hexes                        3
   e - Dazzling Spray                 Conjuration/Hexes            3


   Skills:
 - Level 1.2 Short Blades
 - Level 2.3 Dodging
 * Level 9.2 Stealth
 - Level 2.1 Spellcasting
 - Level 4.9 Hexes
 - Level 0.4 Ice Magic


You had 2 spell levels left.
You knew the following spells:

 Your Spells              Type           Power        Failure   Level  Hunger
a - Corona                Hex            ###....      2%          1    #......
b - Ensorcelled Hibernat  Hex/Ice        #.....       12%         2    ###....
c - Dazzling Spray        Conj/Hex       ##......     21%         3    ###....


Dungeon Overview and Level Annotations

Branches:
Dungeon (3/15)

Altars:
Cheibriados
Makhleb

Annotations:
D:3 Grinder


Innate Abilities, Weirdness & Mutations

You heal slowly.
You have razor-sharp teeth.
You have supernaturally acute eyesight.
You can survive without breathing.


Message History

Aiming: Dazzling Spray
Press: ? - help, Shift-Dir - straight line, f/p - Grinder
Aim: Grinder (unusually resistant)
You miscast Dazzling Spray.
You feel off-balance for a moment. Grinder closely misses you.
Casting: Dazzling Spray
Confirm with . or Enter, or press ? or * to list all spells.
You don't have enough magic to cast that spell.
Throwing (i - inventory):
s - a throwing net (quivered)
Press: ? - help, Shift-Dir - straight line, p - Grinder
Okay, then.
Grinder barely misses you.
You fail to use your ability.
Grinder hits you!
* * * LOW HITPOINT WARNING * * *
Unknown command.
Grinder says, "Mostly I couldn't keep them alive."
Grinder gestures at you.
You suddenly lose the ability to move!
Grinder hits you.
You die...

### ####.############
##....##...).....#
######..##.##.........#
####......###.##.........#
###..[.###### #.##.........#
#..)#####...###.@5.........#
..### #._..#...#.........#
.## #.......##.........#
.########รท.####.##.........#
###...#..>## #.######.#####
..#.....### #.######.###
......#########..........#
##...............<.......#
.<....#########..........#


You could see Grinder.

Vanquished Creatures
  An orc priest (D:3)
  4 gnolls (D:3)
  7 adders
  2 worms (D:2)
  2 dart slugs
  3 giant geckos
  2 orcs (D:3)
  9 bats
  3 giant cockroaches
  8 goblins
  8 hobgoblins
  8 jackals
  3 quokkas
  3 ball pythons
  A giant newt (D:1)
  7 kobolds
  6 rats
77 creatures vanquished.

Notes
Turn   | Place    | Note
--------------------------------------------------------------
     0 | D:1      | dohliylev the Vampire Enchanter began the quest for the Orb.
     0 | D:1      | Reached XP level 1. HP: 13/13 MP: 3/3
   258 | D:1      | Reached XP level 2. HP: 17/19 MP: 5/5
   265 | D:1      | Learned a level 2 spell: Ensorcelled Hibernation
   517 | D:1      | Reached skill level 5 in Stealth
  1161 | D:2      | Reached XP level 3. HP: 17/24 MP: 2/6
  1431 | D:2      | Reached skill level 6 in Stealth
  1492 | D:2      | Found a burning altar of Makhleb.
  1682 | D:2      | Reached XP level 4. HP: 30/30 MP: 2/7
  1824 | D:2      | Reached skill level 7 in Stealth
  2115 | D:3      | Learned a level 3 spell: Dazzling Spray
  2369 | D:3      | Reached skill level 8 in Stealth
  2396 | D:3      | Reached XP level 5. HP: 17/35 MP: 1/8
  2813 | D:3      | Reached skill level 9 in Stealth
  2898 | D:3      | Found a snail-covered altar of Cheibriados.
  2942 | D:3      | Noticed Grinder
  2949 | D:3      | Paralysed by Grinder for 7 turns
  2964 | D:3      | HP: 1/35 [Grinder (11)]
  2967 | D:3      | Paralysed by Grinder for 3 turns
  2969 | D:3      | Slain by Grinder

Vault maps used:
D:1:      dpeg_arrival_rhombi
D:2:      old_standard_altar
D:3:      cheibriados_altar_1, uniq_grinder

Skill      XL: |  1  2  3  4  5 |
---------------+----------------+-----
Stealth        | 5 6 8 9 |  9.2
Short Blades   | |  1.2
Dodging        | |  2.3
Spellcasting   | |  2.1
Hexes          | |  4.9
Ice Magic      | |  0.4

Action                   |  1- 3 |  4- 6 || total
-------------------------+-------+-------++-------
Melee: Dagger            |    58 |   112 ||   170
 Cast: Corona            |     4 |     2 ||     6
       Ensorcelled Hiber |    23 |    37 ||    60
 Abil: End Transformatio |       |     2 ||     2
       Bat Form          |       |     2 ||     2
 Stab: Sleeping          |    25 |    27 ||    52
       Distracted        |     1 |     1 ||     2
